 Dungeon Crawl Stone Soup version 0.24-a0-252-g5076262 (webtiles) character file.

Game seed: 69566535134614555

179 Borgoz the Cutter (level 5, 32/32 HPs)
             Began as a Gargoyle Gladiator on Apr 17, 2019.
             Quit the game on level 3 of the Dungeon.
             The game lasted 00:02:50 (2289 turns).

Borgoz the Cutter (Gargoyle Gladiator)              Turns: 2289, Time: 00:02:50

Health: 32/32      AC: 12    Str: 18    XL:     5   Next: 59%
Magic:  5/5        EV: 12    Int:  8    God:
Gold:   123        SH:  0    Dex: 12    Spells: 4/4 levels left

rFire    . . .     SeeInvis .   a - +0 rapier
rCold    . . .     Gourm    .   (no shield)
rNeg     + . .     Faith    .   w - +1 ring mail {MR+}
rPois    ∞         Spirit   .   c - +0 helmet
rElec    +         Reflect  .   v - +0 cloak
rCorr    +         Harm     .   (no gloves)
MR       +....                  (no boots)
Stlth    +.........             (no amulet)
HPRegen  0.10/turn              s - ring of resist corrosion
MPRegen  0.09/turn              (no ring)

@: very slow
A: negative energy resistance 1, electricity resistance, unbreathing,
petrification resistance, rot immunity, AC +4
a: no special abilities


You were on level 3 of the Dungeon.
You were hungry.

You visited 1 branch of the dungeon, and saw 3 of its levels.

You collected 123 gold pieces.

Inventory:

Hand Weapons
 a - a +0 rapier (weapon)
Missiles
 d - 3 throwing nets (quivered)
Armour
 c - a +0 helmet (worn)
 v - a +0 cloak (worn)
 w - a +1 ring mail of magic resistance (worn)
Jewellery
 s - a ring of resist corrosion (left hand)
Wands
 q - a wand of random effects (14)
Scrolls
 i - 2 scrolls of remove curse {unknown}
 j - a scroll of magic mapping {unknown}
 k - 2 scrolls of enchant armour {unknown}
 l - 2 scrolls of identify {unknown}
 n - 3 scrolls of fear {unknown}
 t - a scroll of random uselessness {unknown}
 u - a scroll of blinking {unknown}
Potions
 e - 3 potions of might {unknown}
 g - a potion of curing {unknown}
 h - a potion of flight {unknown}
 m - a potion of brilliance {unknown}
 o - a potion of berserk rage {unknown}
 p - a potion of mutation {unknown}
 r - a potion of heal wounds {unknown}
 x - a potion of agility {unknown}
Comestibles
 f - 3 rations


   Skills:
 + Level 3.1 Fighting
 * Level 3.6 Short Blades
 - Level 1.7 Throwing
 + Level 1.6 Armour
 * Level 3.3 Dodging
 + Level 2.1 Stealth


You had 4 spell levels left.
You didn't know any spells.
Your spell library was empty.

Dungeon Overview and Level Annotations

Branches:
Dungeon (3/15)

Altars:


Innate Abilities, Weirdness & Mutations

You are resistant to torment.
Your stone body is resilient. (AC +4)
You are immune to poison.
You resist negative energy. (rN+)
You are resistant to electric shocks. (rElec)
You can survive without breathing.
You are immune to petrification.
You are immune to rotting.


Message History

Okay, then.
Unknown command.
You drop a scroll labeled BIFUYS CIEGGO.
You hear a splash.
Press: ? - help, v - describe, . - travel, g - get item A scroll labeled BIFUYS CIEGGO.
Some shallow water.
Throwing (i - inventory)
d - 3 throwing nets (quivered)
Press: ? - help, Shift-Dir - straight line, f - you Really target yourself? [Y]es or [N]o only, please.
Really target yourself? [Y]es or [N]o only, please.
Really target yourself? [Y]es or [N]o only, please.
Really target yourself? [Y]es or [N]o only, please.
Really target yourself?
Okay, then.
Are you sure you want to abandon this character and quit the game? (Confirm with "yes".)

########### #........##
#.######... ##########
#.# ####
##≈≈≈≈≈≈≈≈###.# #
#.########..#.# #
#≈##≈≈÷≈÷##...#
#≈#≈#####≈###.#
#.#≈#.@##≈# #.#
#.#≈###≈#≈# #.#
#≈#≈÷.≈##≈# #.#### #
#.#######≈# #..#.## ##
##≈≈.÷≈.≈#####..).####.
#########...........+.
###......##.#.
#.#.#.###.## #.#...#
#.##


There were no monsters in sight!

Vanquished Creatures
  Terence (D:2)
  7 adders
  A shadow imp (D:3)
  An ooze (D:3)
  A worm (D:2)
  A dart slug (D:1)
  4 leopard geckos
  An orc (D:3)
  4 giant cockroaches
  8 goblins
  3 hobgoblins
  3 jackals (D:1)
  11 kobolds
  A quokka (D:3)
  12 bats
  2 frilled lizards (D:1)
  10 rats
71 creatures vanquished.

Notes
Turn   | Place    | Note
-------+----------+-------------------------------------------
     0 | D:1      | Borgoz the Gargoyle Gladiator began the quest for the Orb.
     0 | D:1      | Reached XP level 1. HP: 12/12 MP: 1/1
   118 | D:1      | Reached XP level 2. HP: 17/18 MP: 2/2
   638 | D:1      | Reached XP level 3. HP: 19/22 MP: 3/3
   858 | D:2      | Reached skill level 1 in Stealth
   925 | D:2      | Reached skill level 1 in Armour
   951 | D:2      | Reached XP level 4. HP: 26/27 MP: 4/4
  1083 | D:2      | Noticed Terence
  1092 | D:2      | Killed Terence
  1347 | D:2      | Reached XP level 5. HP: 32/32 MP: 5/5
  2053 | D:3      | Found a glowing drain.
  2289 | D:3      | Quit the game

Levels and vault maps discovered:
D:1:      shiori_arrival_oz, layout_loops_corners
D:2:      minmay_chambers_of_twos, layout_rooms, minmay_statues_item,
          st_stairs_9, minmay_tetromino_i2, uniq_terence
D:3:      layout_loops_corners, gup_sewer_entry_spiral

Skill      XL: |  1  2  3  4  5 |
---------------+----------------+-----
Short Blades   | 3 |  3.6
Stealth        | 1 2 |  2.1
Armour         | 1 |  1.6
Dodging        | 3 |  3.3
Fighting       | 3 |  3.1
Throwing       | |  1.7

Action                   |  1- 3 |  4- 6 || total
-------------------------+-------+-------++-------
Melee: Rapier            |   105 |   150 ||   255
  Eat: Chunk             |       |     4 ||     4
Armor: Leather armour    |    38 |    46 ||    84
       Ring mail         |       |    30 ||    30
Dodge: Dodged            |    66 |   111 ||   177

Table legend:
 A = Non-vault XP
 B = Vault XP
 C = Vault XP percentage of total XP
 D = Non-vault monster count
 E = Vault monster count
 F = Vault count percentage of total count
                 A         B        C        D         E       F
            +---------+---------+-------+---------+---------+-------
      Total |     164 |      92 |  35.9 |      51 |      20 |  28.2
            +---------+---------+-------+---------+---------+-------
        D:1 |      37 |       0 |   0.0 |      21 |       0 |   0.0
        D:2 |      74 |      55 |  42.6 |      14 |      12 |  46.2
        D:3 |      53 |      37 |  41.1 |      16 |       8 |  33.3
            +---------+---------+-------+---------+---------+-------
